 Dungeon Crawl Stone Soup version 0.28.0 (webtiles) character file.

Game seed: 10789394835516775499

13 JJisdabomb the Skirmisher (level 2, -1/16 HPs)
             Began as a Vine Stalker Fighter on Feb 5, 2022.
             Slain by a hound (2 damage)
             ... on level 2 of the Dungeon.
             The game lasted 00:00:44 (193 turns).

JJisdabomb the Skirmisher (Vine Stalker Fighter)     Turns: 193, Time: 00:00:45

Health: -1/16      AC:  6    Str: 18    XL:     2   Next: 37%
Magic:  0/3        EV:  9    Int:  8    God:
Gold:   28         SH:  4    Dex: 13    Spells: 1/1 levels left

rFire   . . .      SeeInvis .   a - +0 long sword
rCold   . . .      Faith    .   d - +0 buckler
rNeg    . . .      Spirit   +   c - +0 scale mail
rPois   .          Reflect  .   (no helmet)
rElec   .          Harm     .   (no cloak)
rCorr   .          Rampage  .   (no gloves)
Will    .....                   (no boots)
Stlth   ..........              (no amulet)
HPRegen 0.05/turn               (no ring)
MPRegen 0.08/turn               (no ring)

@: no status effects
A: fangs 2, magic shield, antimagic bite, no potion heal 2
a: no special abilities


You were on level 2 of the Dungeon.
You visited 1 branch of the dungeon, and saw 2 of its levels.

You collected 28 gold pieces.

Inventory:

Hand Weapons
 a - a +0 long sword (weapon)
Armour
 c - a +0 scale mail (worn)
 d - a +0 buckler (worn)
Potions
 e - a potion of might


   Skills:
 * Level 3.0 Fighting
 + Level 2.0 Long Blades
 + Level 2.5 Armour
 + Level 2.8 Shields


You had one spell level left.
You didn't know any spells.
Your spell library contained the following spells:

 Spells                   Type           Power      Damage    Failure   Level
 Foxfire                  Conj/Fire      0%         2x1d4     88%         1
 Cause Fear               Hex            0%         N/A       100%        4
 Sticky Flame             Conj/Fire      0%         2d3       100%        4
 Yara's Violent Unravell  Hex/Tmut       0%         3d3       100%        5


Dungeon Overview and Level Annotations

Branches:
Dungeon (1/15)

Altars:

Annotations:
D:1 1 runed translucent door


Innate Abilities, Weirdness & Mutations

You have extremely sharp teeth.
When hurt, damage is shared between your health and your magic reserves.
Your bite disrupts and absorbs the magic of your enemies.
Potions cannot restore your health.


Message History

You block the endoplasm's attack.
You slash the endoplasm!
You kill the endoplasm!
The bat barely misses you.
A hound comes into view.
Your Fighting skill increases to level 3!
Your Long Blades skill increases to level 2!
You close the door.
The bat hits you but does no damage.
You hit the bat.
You kill the bat!
You start resting.
HP restored.
You open the door.
The hound barks!
There is an open door here.
You closely miss the hound. Your bite misses the hound. The hound bites you. x2
You barely miss the hound. The hound barely misses you.
The hound bites you but does no damage.
You hit the hound but do no damage. The hound bites you but does no damage.
The hound barely misses you.
You completely miss the hound. Your bite misses the hound.
The hound bites you. x2
* * * LOW HITPOINT WARNING * * *
You closely miss the hound.
The hound bites you but does no damage. x2
You hit the hound.
The hound is lightly wounded.
The hound bites you.
* * * LOW HITPOINT WARNING * * *
The hound barely misses you.
You barely miss the hound. You bite the hound. You drain its power.
You feel invigorated.
The hound is heavily wounded.
The hound bites you.
* * * LOW HITPOINT WARNING * * *
The hound bites you but does no damage.
Okay, then.
You aren't carrying any scrolls.
Unknown command.
Unknown command.
The hound bites you.
You die...

# ## . #.#. ..
.#.#########
...#+..#.......#
##.....#[......#
.......#.†###..#
.?.!...h@.#_'..#
.....#(#..###..#
... >..#.......#
# .....#.......#
#......#########
#...... #.....#
######


You could see a hound.

Vanquished Creatures
  An adder (D:2)
  2 bats
  An endoplasm (D:2)
4 creatures vanquished.

Notes
Turn   | Place    | Note
-------+----------+-------------------------------------------
     0 | D:1      | JJisdabomb the Vine Stalker Fighter began the quest for the
                  | Orb.
     0 | D:1      | Reached XP level 1. HP: 11/11 MP: 2/2
     0 | D:1      | Noticed a jelly
     2 | D:1      | Found a runed translucent door.
    21 | D:1      | Got the Papyrus of Torrid Enchantment
    69 | D:1      | You fall into a shaft and drop 1 floor!
    81 | D:2      | Found a faded altar of an unknown god.
   102 | D:2      | Reached XP level 2. HP: 11/16 MP: 3/3
   104 | D:2      | Reached skill level 3 in Fighting
   193 | D:2      | Slain by a hound

Illustrated notes

Levels and vault maps discovered:
D:1:      dpeg_arrival_caged_fury, layout_loops_cross
D:2:      layout_basic, hellmonk_ecumenical_altar_inner_sanctum

Skill      XL: |  1  2 |
---------------+-------+-----
Fighting       | 3 |  3.0
Long Blades    | 2 |  2.0
Armour         | |  2.5
Shields        | |  2.8

Action                   || total
-------------------------++-------
Melee: Long sword        ||    19
       Bite              ||     3
Armor: Scale mail        ||    17
Dodge: Dodged            ||    18
Block: Buckler           ||     5
